 Dungeon Crawl Stone Soup version 0.28-a0-925-gd5e1996cdb (webtiles) character file.

Game seed: 13582000315398946228

249 Roth the Skirmisher (level 6, -12/48 HPs)
             Began as a Human Fighter on Nov 26, 2021.
             Killed by divine providence
             ... invoked by an orc priest
              (13 damage)
             ... on level 5 of the Dungeon.
             The game lasted 00:10:39 (3608 turns).

Roth the Skirmisher (Human Fighter)                 Turns: 3608, Time: 00:10:41

Health: -12/48     AC: 10    Str: 15 (18) XL:     6   Next: 35%
Magic:  6/6        EV:  7    Int:  7 (8)  God:
Gold:   114        SH:  9    Dex: 10 (13) Spells: 5/5 levels left

rFire   . . .      SeeInvis .   a - +0 long sword
rCold   . . .      Faith    .   c - +0 buckler
rNeg    . . .      Spirit   .   y - +0 chain mail
rPois   .          Reflect  +   (no helmet)
rElec   .          Harm     .   (no cloak)
rCorr   .          Rampage  .   (no gloves)
Will    .....                   p - +0 pair of boots
Stlth   ..........              j - amulet of reflection
HPRegen 0.16/turn               (no ring)
MPRegen 0.10/turn               (no ring)

@: no status effects
A: no striking features
a: no special abilities


You were on level 5 of the Dungeon.
You visited 1 branch of the dungeon, and saw 5 of its levels.

You collected 114 gold pieces.

Inventory:

Hand Weapons
 a - a +0 long sword (weapon)
 e - a +0 spear
 f - a +0 dagger
 g - a +0 hand crossbow
 k - a +0 flail
 s - a +0 dagger
 t - a +0 hunting sling
Missiles
 q - 4 silver boomerangs (quivered)
 u - 41 stones
Armour
 b - a +1 scale mail
 c - a +0 buckler (worn)
 p - a +0 pair of boots (worn)
 y - a +0 chain mail (worn)
Magical Staves
 z - a staff of conjuration
Jewellery
 j - an amulet of reflection (around neck)
 r - an amulet of reflection
Scrolls
 h - a scroll of amnesia {unknown}
 l - 5 scrolls of identify
 o - a scroll of holy word {unknown}
 w - a scroll of brand weapon {unknown}
 x - a scroll of teleportation {unknown}
Potions
 d - a potion of might
 i - a potion of invisibility {unknown}
 m - a potion of attraction {unknown}
 n - a potion of brilliance {unknown}


   Skills:
 + Level 4.3 Fighting
 + Level 3.1 Long Blades
 + Level 3.7 Armour
 + Level 1.5 Dodging
 + Level 4.3 Shields


You had 5 spell levels left.
You didn't know any spells.
Your spell library contained the following spells:

 Spells                   Type           Power      Damage    Failure   Level
 Sublimation of Blood     Necr           0%         N/A       100%        2
 Petrify                  Tmut/Erth      0%         N/A       100%        4
 Irradiate                Conj/Tmut      0%         3d14      100%        5


Dungeon Overview and Level Annotations

Branches:
Dungeon (5/15)
 Temple: D:4-7

Altars:


Message History

You block the ufetubus's attack. x2
You hit the ufetubus.
The ufetubus is severely wounded.
You block the ufetubus's attack. x2
The ufetubus hits you but does no damage. x2
You hit the ufetubus but do no damage.
The ufetubus is severely wounded.
You block the ufetubus's attack. The ufetubus barely misses you.
The orc hits you with a +0 club. The ufetubus closely misses you.
You block the ufetubus's attack.
You slash the ufetubus!
You kill the ufetubus!
You block the orc's attack.
The orc priest casts a cantrip, but nothing happens.
You block the orc's attack.
You slash the orc!
You kill the orc!
You block the orc's attack.
The orc priest begins to cast a cantrip, but forgets the words!
The orc hits you with a +0 hand axe.
* * * LOW HITPOINT WARNING * * *
The orc hits you but does no damage.
It was a potion of degeneration.
There was something very wrong with that liquid.
You feel weakened.
You feel dopey.
You feel clumsy. The orc barely misses you. You block the ogre's attack.
The orc hits you with a +0 club.
* * * LOW HITPOINT WARNING * * *
You closely miss the orc. The orc barely misses you.
The ogre hits you with a +0 giant club.
* * * LOW HITPOINT WARNING * * *
You block the orc's attack.
You hit the orc.
The orc is severely wounded.
The orc hits you with a +0 hand axe.
* * * LOW HITPOINT WARNING * * *
You block the orc's attack.
The orc priest mumbles some strange prayers to Beogh against you.
Beogh smites you!
You die...

#............#
######.......#
#.......#
#.......#
#......<#
######.......#
#.........#..#
#.ooo........#
#..@OJ.......#
##..###......#
#.># #.O....# #..#
#......# #..#
#......## #..#
#.......##### #..#
#............
#..###..........##
#.....>...........


You could see an ogre, a jelly, an orc priest and 2 orcs.

Vanquished Creatures
  A phantom (D:4)
  2 orc priests (D:4)
  A hound skeleton (D:4)
  3 adders
  A white imp (D:5)
  An ufetubus (D:5)
  A worm (D:4)
  A dart slug (D:4)
  6 orcs
  6 ball pythons
  4 bats (D:1)
  2 endoplasms
  3 giant cockroaches
  4 goblins
  5 hobgoblins
  3 kobolds
  3 quokkas
  2 frilled lizards
  10 rats
59 creatures vanquished.

Vanquished Creatures (others)
  8 plants
8 creatures vanquished.

Grand Total: 67 creatures vanquished

Notes
Turn   | Place    | Note
-------+----------+-------------------------------------------
     0 | D:1      | Roth the Human Fighter began the quest for the Orb.
     0 | D:1      | Reached XP level 1. HP: 18/18 MP: 1/1
    69 | D:1      | Reached XP level 2. HP: 20/24 MP: 2/2
   355 | D:2      | Reached XP level 3. HP: 7/29 MP: 3/3
   910 | D:1      | Reached skill level 1 in Dodging
  1969 | D:1      | Found a faded altar of an unknown god.
  2419 | D:4      | Reached XP level 4. HP: 35/35 MP: 4/4
  2550 | D:4      | Noticed a phantom
  2566 | D:4      | Killed a phantom
  2567 | D:4      | Reached XP level 5. HP: 14/42 MP: 5/5
  2903 | D:4      | Reached XP level 6. HP: 7/48 MP: 6/6
  3463 | D:5      | Entered Level 5 of the Dungeon
  3582 | D:5      | Noticed an ogre
  3608 | D:5      | HP: 1/48 [orc (5)]
  3608 | D:5      | Killed from afar by an orc priest

Illustrated notes

Levels and vault maps discovered:
D:1:      minmay_arrival_shoal_huts, layout_rooms,
          shapermc_ecumenical_altar_petra
D:2:      layout_loops_ring
D:3:      layout_basic, serial_shops, nicolae_shop_overgrown_old_shop,
          nicolae_shop_trees, nicolae_shop_behind_doors, shop_statue,
          dk_noncrumbling_3
D:4:      layout_loops_corners
D:5:      kb_forest_paths, layout_basic, minmay_temple_entry_drinking_statues

Skill      XL: |  1  2  3  4  5  6 |
---------------+-------------------+-----
Dodging        | 1 |  1.5
Shields        | 4 |  4.3
Fighting       | 4 |  4.3
Long Blades    | 3 |  3.1
Armour         | |  3.7

Action                   |  1- 3 |  4- 6 || total
-------------------------+-------+-------++-------
Melee: Long sword        |   154 |    92 ||   246
  Use: Scroll            |     3 |       ||     3
       Potion            |       |     2 ||     2
Armor: Scale mail        |    98 |    26 ||   124
       Chain mail        |       |    24 ||    24
Dodge: Dodged            |   102 |    42 ||   144
Block: Buckler           |    83 |    71 ||   154
       Reflection        |     3 |       ||     3

Table legend: (Time is in decaauts)
 A = Elapsed time spent in this place.
 B = Non-inter-level travel time spent in this place.
 C = Inter-level travel time spent in this place.
 D = Time resting spent in this place.
 E = Time spent auto-exploring this place.
 F = Levels seen in this place.
 G = Mean time per level.
                   A        B        C        D        E       F      G
               +--------+--------+--------+--------+--------+-----+--------+
         Total |   3716 |   3716 |      0 |    635 |   1759 |   5 |  743.2 |
       Dungeon |   3716 |   3716 |      0 |    635 |   1759 |   5 |  743.2 |
               +--------+--------+--------+--------+--------+-----+--------+

Top non-repeatable levels by time:
     D:1: 1133 daAuts
     D:2: 1130 daAuts
     D:4: 1074 daAuts
     D:3: 230 daAuts
     D:5: 147 daAuts
